 Dungeon Crawl Stone Soup version 0.21.1-1-g345015fe64 (webtiles) character file.

36218 Htamos the Warrior (level 13, -3/192 HPs)
             Began as a Minotaur Fighter on July 13, 2018.
             Was a High Priest of Qazlal.
             Slain by an eight-headed hydra (8 damage)
             ... on level 15 of the Dungeon.
             The game lasted 00:46:34 (18841 turns).

Htamos the Warrior (Minotaur Fighter)              Turns: 18841, Time: 00:46:35

Health: -3/192     AC: 34    Str: 31    XL:     13   Next: 51%
Magic:  12/12      EV:  2    Int:  5    God:    Qazlal [*****.]
Gold:   249        SH: 27    Dex: 19    Spells: 12/12 levels left

rFire    . . .     SeeInvis +   u - +2 flail (flame)
rCold    . . .     Gourm    .   E - +0 large shield
rNeg     + + +     Faith    +   (armour currently unavailable)
rPois    +         Spirit   .   (helmet currently unavailable)
rElec    .         Reflect  .   (cloak currently unavailable)
rCorr    .         Harm     .   (gloves currently unavailable)
MR       .....     NoTele   +   (boots currently unavailable)
Stlth    +.........             y - amulet "Buorumn" {Faith Str+6 Dex+3}
HPRegen  0.42/turn              n - ring of see invisible
MPRegen  0.13/turn              G - +5 ring of protection

@: agile, tree-form, protected from physical damage, very slightly contaminated,
drained, invisible, repel missiles
A: (retaliatory headbutt)
a: Upheaval, Elemental Force, Disaster Area, Renounce Religion


You were on level 15 of the Dungeon.
You worshipped Qazlal.
Qazlal was extremely pleased with you.
You were very hungry.
You were a tree.
You visited 2 branches of the dungeon, and saw 16 of its levels.
You also visited: Labyrinth.

You collected 1994 gold pieces.
You spent 1745 gold pieces at shops.

Inventory:

Hand Weapons
 b - a +3 dire flail of crushing
 h - a +2 battleaxe of distortion
 t - the +8 mithril axe "Arga" {speed, MR+}
   (You bought it in a shop on level 12 of the Dungeon)

   Attacks with this weapon are significantly faster.
   It affects your resistance to hostile enchantments.
 u - a +2 flail of flaming (weapon)
Armour
 c - a +0 pair of boots (melded)
 i - a +2 cloak (melded)
 x - a +0 shield of reflection
 E - a +0 large shield (worn)
 H - a +0 pair of gloves (melded)
 J - a +0 plate armour of poison resistance (melded)
Jewellery
 n - a ring of see invisible (left branch)
 y - the amulet "Buorumn" (around neck) {Faith Str+6 Dex+3}
   (You bought it in a shop on level 13 of the Dungeon)

   [amulet of faith]

   It allows you to gain divine favour quickly.
   It affects your strength (+6).
   It affects your dexterity (+3).
 G - a +5 ring of protection (right branch)
 R - an uncursed ring of resist corrosion
Wands
 a - a wand of clouds (3)
 v - a wand of random effects (20)
 C - a wand of polymorph (62)
 K - a wand of enslavement (20)
 L - a wand of acid (16)
 M - a wand of paralysis (28)
 P - a wand of scattershot (6)
 W - a wand of disintegration (12)
 Y - a wand of flame (62)
Scrolls
 m - 5 scrolls of magic mapping
 p - 3 scrolls of blinking
 q - 6 scrolls of teleportation
 r - 10 scrolls of remove curse
 A - a scroll of fog
 T - a scroll of fear
Potions
 g - a potion of lignification
 j - 3 potions of mutation
 l - 2 potions of degeneration
 s - a potion of resistance
 w - 4 potions of flight
 z - a potion of might
 B - 2 potions of curing
 N - 5 potions of haste
 O - a potion of brilliance
 X - a potion of agility
Books
 d - the Grimoire of the Warped Arsonist
   (You found it in a labyrinth)

   Spells                             Type                      Level
   a - Flame Tongue                   Conjuration/Fire             1
   b - Apportation                    Translocation                1
   c - Throw Flame                    Conjuration/Fire             2
   d - Ignite Poison                  Fire/Transmutation/Poison    3
   e - Summon Forest                  Summoning/Translocation      5
   f - Controlled Blink               Translocation                8
 k - a book of Cantrips

   Spells                             Type                      Level
   a - Confusing Touch                Hexes                        1
   b - Animate Skeleton               Necromancy                   1
   c - Summon Small Mammal            Summoning                    1
   d - Apportation                    Translocation                1
 o - a book of Minor Magic

   Spells                             Type                      Level
   a - Magic Dart                     Conjuration                  1
   b - Blink                          Translocation                2
   c - Call Imp                       Summoning                    2
   d - Slow                           Hexes                        2
   e - Conjure Flame                  Conjuration/Fire             3
   f - Mephitic Cloud                 Conjuration/Poison/Air       3
 F - a book of Callings

   Spells                             Type                      Level
   a - Summon Small Mammal            Summoning                    1
   b - Call Imp                       Summoning                    2
   c - Call Canine Familiar           Summoning                    3
   d - Summon Guardian Golem          Hexes/Summoning              3
   e - Summon Lightning Spire         Summoning/Air                4
   f - Summon Ice Beast               Ice/Summoning                4
 I - a book of Geomancy

   Spells                             Type                      Level
   a - Sandblast                      Earth                        1
   b - Passwall                       Transmutation/Earth          2
   c - Stone Arrow                    Conjuration/Earth            3
   d - Petrify                        Transmutation/Earth          4
   e - Lee's Rapid Deconstruction     Earth                        5
 S - a book of Party Tricks

   Spells                             Type                      Level
   a - Summon Butterflies             Summoning                    1
   b - Apportation                    Translocation                1
   c - Lesser Beckoning               Translocation                3
   d - Tukima's Dance                 Hexes                        3
   e - Alistair's Intoxication        Transmutation/Poison         5
   f - Invisibility                   Hexes                        6
 Z - a book of Battle

   Spells                             Type                      Level
   a - Infusion                       Charms                       1
   b - Shroud of Golubria             Charms/Translocation         2
   c - Song of Slaying                Charms                       2
   d - Spectral Weapon                Hexes/Charms                 3
   e - Regeneration                   Charms/Necromancy            3
Miscellaneous
 Q - a lamp of fire
Comestibles
 f - 22 rations
 U - 2 chunks of flesh


   Skills:
 * Level 15.8(15.6) Fighting
 + Level 11.6(11.4) Maces & Flails
 + Level 11.8(11.6) Armour
 + Level 10.5(10.3) Dodging
 + Level 12.0(11.8) Shields


You had 12 spell levels left.
You didn't know any spells.

Dungeon Overview and Level Annotations

Branches:
Dungeon (15/15)            Temple (1/1) D:4            Lair (0/6) D:10
    Orc (0/2) D:11         Vaults (0/5) D:13
 Depths: D:15

Altars:
Ashenzari
Cheibriados
Dithmenos
Elyvilon
Fedhas
Gozag
Hepliaklqana
Kikubaaqudgha
Makhleb
Nemelex Xobeh
Okawaru
Qazlal
Ru
Sif Muna
Trog
Uskayaw
Vehumet
Wu Jian
Xom
Yredelemnul
Zin
The Shining One

Shops:
D:7 =}*%   D:11 [   D:12 (*   D:13 ==[[

Annotations:
D:15 abdbla's ghost, adept GrFi


Innate Abilities, Weirdness & Mutations

((You reflexively headbutt those who attack you in melee.))
((You have a pair of horns on your head.))


Message History

* * * LOW HITPOINT WARNING * * *
The eight-headed hydra completely misses you.
The eight-headed hydra bites you but does no damage.
You block the eight-headed hydra's attack. x2
The eight-headed hydra bites you but does no damage. x3
You are very lightly contaminated with residual magic.
It was a potion of magic.
Magic courses through your body. You block the wight's attack.
The red ugly thing is struck by lightning.
The red ugly thing barely misses you.
The brown ugly thing is engulfed in blazing flames.
You block the brown ugly thing's attack.
You block abdbla's ghost's attack. The hungry ghost hits you.
You are feeling very hungry.
The eight-headed hydra bites you but does no damage.
The eight-headed hydra bites you!
* * * LOW HITPOINT WARNING * * *
The eight-headed hydra bites you but does no damage.
The eight-headed hydra bites you!
You die...

................
...................
...................
...................
...................
...................
.......§.(.........
......§W.÷((.......
.....§u♣W(.........
.....(§Du§.........
....(§..z..........
....(..............
...................
...................
......?............
..................


You could see an eight-headed hydra, 2 ugly things, a hungry ghost, a wight and
abdbla's ghost.

Vanquished Creatures
  A minotaur (Lab)
  Harold (D:12)
  A vault guard (D:13)
  2 centaur warriors
  2 catoblepae
  6 two-headed ogres
  A deep troll (D:14)
  4 unseen horrors
  2 wizards
  A harpy (D:14)
  A necromancer (D:13)
  2 manticores
  A cyclops (D:14)
  7 ugly things
  3 centaur zombies
  A black mamba (shapeshifter) (D:15)
  4 centaur skeletons
  A gargoyle (D:14)
  A komodo dragon (D:10)
  A meliai (D:14)
  Grinder (D:4)
  A troll (D:11)
  A hornet (D:11)
  Prince Ribbit (D:6)
  2 hippogriffs (D:12)
  Sigmund (D:6)
  A vampire (D:6)
  A shadow (D:15)
  A wyvern (D:13)
  21 yaks
  The ghost of Htamos the Conjurer, an amateur DECj of Vehumet (D:4)
  Eustachio (D:6)
  A basilisk (D:14)
  4 vampire mosquitoes (D:13)
  2 hungry ghosts
  22 humans (D:13)
  2 steam dragons
  5 ice beasts
  2 orc warriors
  A necrophage (D:11)
  A sky beast (D:15)
  A hornet zombie (D:14)
  10 ogres
  4 centaurs
  A crocodile (D:14)
  The ghost of theNoobletaur the Grave Robber, an amateur DsNe (D:3)
  Blork the orc (D:6)
  14 bullfrogs
  2 gnoll sergeants
  A wyvern skeleton (D:12)
  3 scorpions
  8 killer bees (D:11)
  11 wights
  8 crimson imps
  2 howler monkeys
  A bullfrog zombie (D:12)
  2 quasits
  3 jellies
  4 hounds
  13 orc priests
  10 orc wizards
  3 bullfrog skeletons
  Terence (D:2)
  Natasha (thrice) (D:4)
  2 iguanas
  4 worker ants
  A hound zombie (D:6)
  2 hound skeletons
  A worker ant zombie (D:11)
  13 gnolls
  19 adders
  2 shadow imps
  4 worms
  A dart slug (D:3)
  7 leopard geckos
  52 orcs
  9 bats
  9 giant cockroaches
  8 hobgoblins
  5 jackals
  6 quokkas
  A frilled lizard (D:4)
  7 goblins
  8 kobolds
  A leopard gecko skeleton (D:4)
  A quokka zombie (D:8)
  5 rats
391 creatures vanquished.

Vanquished Creatures (others)
  A centaur warrior (D:13)
  A quokka (D:8)
  A plant (D:10)
3 creatures vanquished.

Grand Total: 394 creatures vanquished

Notes
Turn   | Place    | Note
-------+----------+-------------------------------------------
     0 | D:1      | Htamos the Minotaur Fighter began the quest for the Orb.
     0 | D:1      | Reached XP level 1. HP: 19/19 MP: 0/0
    99 | D:1      | You fall through a shaft!
   123 | D:2      | Reached skill level 4 in Fighting
   123 | D:2      | Reached XP level 2. HP: 21/27 MP: 1/1
   398 | D:1      | Reached skill level 1 in Dodging
   703 | D:1      | Reached XP level 3. HP: 32/33 MP: 2/2
  1106 | D:2      | Noticed Terence
  1194 | D:2      | Killed Terence
  1194 | D:2      | Reached XP level 4. HP: 31/41 MP: 3/3
  1669 | D:2      | Found a glowing golden altar of the Shining One.
  1885 | D:3      | Noticed theNoobletaur's ghost (amateur DsNe)
  1896 | D:3      | Killed theNoobletaur's ghost
  1896 | D:3      | Reached skill level 5 in Fighting
  1896 | D:3      | Reached XP level 5. HP: 20/48 MP: 4/4
  2170 | D:3      | Found a faded altar of an unknown god.
  2725 | D:3      | Found a bloodstained altar of Trog.
  2972 | D:3      | Reached XP level 6. HP: 32/56 MP: 5/5
  3246 | D:4      | Found a staircase to the Ecumenical Temple.
  3252 | Temple   | Entered the Ecumenical Temple
  3355 | Temple   | Became a worshipper of Qazlal Stormbringer
  3401 | D:4      | Reached skill level 6 in Fighting
  3406 | D:4      | Reached skill level 5 in Armour
  3655 | D:4      | Noticed Htamos's ghost (amateur DECj)
  3665 | D:4      | Reached skill level 5 in Shields
  3665 | D:4      | Reached XP level 7. HP: 63/64 MP: 6/6
  3675 | D:4      | Killed Htamos's ghost
  3894 | D:4      | Noticed Natasha
  3901 | D:4      | Killed Natasha
  4016 | D:4      | Noticed Grinder
  4035 | D:4      | Paralysed by Grinder for 4 turns
  4039 | D:4      | Killed Grinder
  4039 | D:4      | Reached skill level 7 in Fighting
  4139 | D:4      | You fall through a shaft for 3 floors!
  4151 | D:7      | Reached skill level 5 in Maces & Flails
  4240 | D:7      | Reached XP level 8. HP: 73/73 MP: 7/7
  4254 | D:7      | Reached * piety under Qazlal
  4307 | D:7      | Found Kocrykach's Gadget Shop.
  4309 | D:7      | Found a shimmering altar of Xom.
  4379 | D:5      | Entered Level 5 of the Dungeon
  4516 | D:4      | Noticed Natasha
  4521 | D:4      | Killed Natasha
  4542 | D:4      | Noticed Natasha
  4548 | D:4      | Killed Natasha
  5063 | D:5      | Reached skill level 8 in Fighting
  5079 | D:5      | Found a burning altar of Makhleb.
  5727 | D:5      | Found a deep blue altar of Sif Muna.
  5829 | D:6      | Noticed Sigmund
  5907 | D:5      | Reached skill level 5 in Dodging
  5922 | D:6      | Killed Sigmund
  5922 | D:6      | Reached skill level 9 in Fighting
  5922 | D:6      | Reached XP level 9. HP: 82/83 MP: 8/8
  6042 | D:6      | Reached ** piety under Qazlal
  6075 | D:6      | Noticed Prince Ribbit
  6092 | D:6      | Killed Prince Ribbit
  6896 | D:6      | Noticed Eustachio
  6907 | D:6      | Killed Eustachio
  7033 | D:6      | Noticed Blork the orc
  7038 | D:6      | Killed Blork the orc
  7038 | D:6      | Reached skill level 10 in Fighting
  7435 | D:7      | Found Cipyulep's Jewellery Boutique.
  7726 | D:7      | Found Bulizukast's Food Shop.
  7767 | D:7      | Found Wysmim's General Store.
  7770 | D:7      | Bought a potion of might for 48 gold pieces
  8058 | D:8      | Found a white marble altar of Elyvilon.
  8246 | D:8      | Noticed a two-headed ogre
  8271 | D:8      | Killed a two-headed ogre
  8271 | D:8      | Reached XP level 10. HP: 40/94 MP: 9/9
  8644 | D:8      | Reached *** piety under Qazlal
  8644 | D:8      | Reached skill level 11 in Fighting
  9120 | D:9      | Noticed a two-headed ogre
  9133 | D:9      | Killed a two-headed ogre
  9745 | D:10     | Entered Level 10 of the Dungeon
  9927 | D:10     | Noticed a two-headed ogre
  9937 | D:10     | Killed a two-headed ogre
 10181 | D:10     | Killed an unseen horror
 10181 | D:10     | Reached skill level 12 in Fighting
 10378 | D:10     | Found a staircase to the Lair.
 10496 | D:10     | Reached XP level 11. HP: 73/104 MP: 10/10
 11414 | D:11     | Found a staircase to the Orcish Mines.
 11426 | D:11     | Found Niwon's Armour Emporium.
 11574 | D:11     | Reached **** piety under Qazlal
 12342 | D:12     | Found Javeok Hauc's Weapon Boutique.
 12346 | D:12     | Noticed a two-headed ogre
 12354 | D:12     | Killed a two-headed ogre
 12415 | D:12     | Reached skill level 13 in Fighting
 12734 | D:12     | Reached skill level 10 in Shields
 12781 | D:12     | Killed an unseen horror
 12781 | D:12     | Reached skill level 10 in Armour
 13185 | D:12     | Noticed a cyan ugly thing
 13198 | D:12     | Killed a cyan ugly thing
 13329 | D:12     | Noticed Harold
 13352 | D:12     | Killed Harold
 13807 | D:12     | Found Zomeept's Assorted Antiques.
 14193 | D:13     | Found a labyrinth entrance.
 14229 | Lab      | Entered a labyrinth
 15752 | Lab      | Noticed a minotaur
 15762 | Lab      | Killed a minotaur
 15762 | Lab      | Reached skill level 10 in Maces & Flails
 15762 | Lab      | Reached XP level 12. HP: 116/116 MP: 1/11
 15790 | Lab      | Identified the Grimoire of the Warped Arsonist
 15802 | Lab      | Got a jewelled ring mail
 15832 | Lab      | Identified the +1 ring mail of Toghed {Regen+ Stlth+} (You found it in a labyrinth)
 16144 | D:13     | Found Qeij's Antique Armour Boutique.
 16255 | D:12     | Bought the +8 mithril axe "Arga" {speed, MR+} for 775 gold pieces
 16255 | D:12     | Found the +8 mithril axe "Arga" {speed, MR+}
 16310 | D:13     | Found Xosu's Jewellery Shoppe.
 16311 | D:13     | Noticed a centaur warrior
 16312 | D:13     | Killed a centaur warrior
 16342 | D:13     | Noticed a catoblepas
 16342 | D:13     | Reached skill level 14 in Fighting
 16350 | D:13     | Noticed a vault guard
 16357 | D:13     | Killed a catoblepas
 16368 | D:13     | Killed a vault guard
 16608 | D:13     | Found Gulaplem's Jewellery Shop.
 16686 | D:13     | Found Qevom's Armour Emporium.
 16981 | D:13     | Found a gate to the Vaults.
 17108 | D:13     | Found a blossoming altar of Fedhas.
 17183 | D:14     | Noticed a centaur warrior
 17194 | D:14     | Killed a centaur warrior
 17200 | D:14     | Reached skill level 15 in Fighting
 17220 | D:14     | Reached XP level 13. HP: 105/126 MP: 10/12
 17359 | D:14     | Reached skill level 10 in Dodging
 17427 | D:14     | Reached ***** piety under Qazlal
 17741 | D:14     | Found an iron altar of Okawaru.
 17904 | D:14     | Identified a scroll of acquirement
 17996 | D:13     | Bought the amulet "Buorumn" {Faith Str+6 Dex+3} for 922 gold pieces
 18263 | D:15     | Entered Level 15 of the Dungeon
 18266 | D:15     | Noticed abdbla's ghost (adept GrFi)
 18841 | D:15     | HP: 5/192 [eight-headed hydra (7)]
 18841 | D:15     | Slain by an eight-headed hydra

Skill      XL: |  1  2  3  4  5  6  7  8  9 10 11 12 13 |
---------------+----------------------------------------+-----
Fighting       | 4 5 6 7 9 10 12 13 15 | 15.8
Dodging        | 1 2 3 5 6 7 8 9 10 | 10.5
Armour         | 4 5 6 8 9 10 11 | 11.8
Shields        | 4 5 6 8 9 10 11 12 | 12.0
Maces & Flails | 3 4 5 6 7 8 10 11 | 11.6

Action                   |  1- 3 |  4- 6 |  7- 9 | 10-12 | 13-15 || total
-------------------------+-------+-------+-------+-------+-------++-------
Melee: Flail             |    52 |    70 |   304 |   484 |     3 ||   913
       Headbutt          |    12 |    26 |    61 |   116 |    37 ||   252
       Whip              |    51 |    82 |     8 |       |       ||   141
       Unarmed           |     3 |       |       |       |       ||     3
       Broad axe         |       |       |       |   134 |   149 ||   283
Invok: Upheaval          |       |       |       |       |     1 ||     1
Evoke: Wand              |       |       |       |    12 |       ||    12
  Use: Potion            |       |     2 |     4 |     8 |     7 ||    21
       Scroll            |       |       |    13 |    15 |     1 ||    29
  Eat: Chunk             |     1 |     5 |    14 |    21 |     3 ||    44
       Ration            |       |     1 |       |     3 |     1 ||     5
Armor: Scale mail        |    57 |    41 |    98 |       |       ||   196
       Chain mail        |       |       |     7 |       |       ||     7
       Plate armour      |       |       |       |   209 |    70 ||   279
       Skin              |       |       |       |    41 |    65 ||   106
Dodge: Dodged            |    42 |    37 |    90 |   129 |    60 ||   358
       Deflected         |       |       |       |     3 |     2 ||     5
Block: Shield            |    67 |    65 |   206 |   515 |    78 ||   931
       Reflection        |       |       |       |     5 |     2 ||     7
       Large shield      |       |       |       |       |   153 ||   153
